 Dungeon Crawl Stone Soup version 0.24.0-41-g2ae2f7f1be (webtiles) character file.

Game seed: 7061883775616901984, levelgen mode: deterministic

225 ReteAZ the Shield-Bearer (level 6, 0/39 HPs)
             Began as a Gargoyle Fighter on Dec 14, 2019.
             Killed by nerve-wracking pain
             ... invoked by an orc priest
              (6 damage)
             ... on level 4 of the Dungeon.
             The game lasted 00:02:43 (2192 turns).

ReteAZ the Shield-Bearer (Gargoyle Fighter)         Turns: 2192, Time: 00:02:44

Health: 0/39       AC: 13    Str: 22    XL:     6   Next: 1%
Magic:  6/6        EV:  5    Int:  8    God:
Gold:   159        SH:  9    Dex:  9    Spells: 5/5 levels left

rFire    . . .     SeeInvis .   a - +0 war axe
rCold    . . .     Gourm    .   c - +0 shield
rNeg     + . .     Faith    .   d - +0 chain mail
rPois    ∞         Spirit   .   (no helmet)
rElec    +         Reflect  .   (no cloak)
rCorr    .         Harm     .   (no gloves)
MR       .....                  (no boots)
Stlth    ..........             (no amulet)
HPRegen  0.13/turn              (no ring)
MPRegen  0.10/turn              (no ring)

@: no status effects
A: negative energy resistance 1, electricity resistance, unbreathing,
petrification resistance, rot immunity, AC +4
a: no special abilities


You were on level 4 of the Dungeon.
You were hungry.

You visited 1 branch of the dungeon, and saw 4 of its levels.

You collected 159 gold pieces.

Inventory:

Hand Weapons
 a - a +0 war axe (weapon)
Armour
 b - a +0 scale mail
 c - a +0 shield (worn)
 d - a +0 chain mail (worn)
Jewellery
 n - an uncursed amulet of guardian spirit {unknown}
Scrolls
 g - a scroll of random uselessness {unknown}
 j - 2 scrolls of identify {unknown}
 k - a scroll of enchant armour {unknown}
 l - 3 scrolls of teleportation {unknown}
 o - a scroll of remove curse {unknown}
Potions
 e - 3 potions of brilliance {unknown}
 h - a potion of agility {unknown}
 i - a potion of curing {unknown}
 m - a potion of heal wounds {unknown}
 p - a potion of haste {unknown}
 q - a potion of resistance {unknown}
Comestibles
 f - 5 rations


   Skills:
 + Level 4.3 Fighting
 * Level 3.6 Axes
 + Level 4.2 Armour
 + Level 4.3 Shields


You had 5 spell levels left.
You didn't know any spells.
Your spell library was empty.

Dungeon Overview and Level Annotations

Branches:
Dungeon (4/15)
 Temple: D:4-7

Altars:
Ashenzari
Nemelex Xobeh


Innate Abilities, Weirdness & Mutations

You are resistant to torment.
Your stone body is resilient. (AC +4)
You are immune to poison.
You resist negative energy. (rN+)
You are resistant to electric shocks. (rElec)
You can survive without breathing.
You are immune to petrification.
You are immune to rotting.


Message History

You feel stronger.
The orc priest mumbles some strange prayers to Beogh against you.
Beogh smites you!
You slash the orc!
You kill the orc!
The orc priest hits you but does no damage.
You slash the orc priest!
The orc priest is severely wounded.
The orc priest looks encouraged for a moment.
You closely miss the orc priest.
The orc priest is severely wounded.
The orc priest hits you.
* * * LOW HITPOINT WARNING * * *
Your shield and chain mail prevent you from hitting the orc priest.
The orc priest is severely wounded.
The orc priest hits you.
* * * LOW HITPOINT WARNING * * *
The orc priest calls down the wrath of Beogh upon you.
Pain shoots through your body!
You die...

###...............#
####.................#
#....##..........<..##
#.######...........##
##.# ######.###### #..#
#.# ##+#.####### #.#
#..#.......######.####
..#######.@o.##.....# .
.. ####......(.# .o##
#. ##........##
.....#.## #....PP....##
#.o(.## ##...PPP..P..#
#.o.#####...P.♣♣♣P...##
##..<.#.o.PP♣♣♣
♣♣.♣..### .
###....###.P ♣♣♣P.P.#
....###..##.....P.
P.♣...#


You could see an orc priest.

Vanquished Creatures
  Terence (D:2)
  A hound skeleton (D:4)
  3 gnolls (D:2)
  6 adders
  2 oozes
  A dart slug (D:3)
  8 leopard geckos
  6 orcs
  4 ball pythons
  4 bats
  2 giant cockroaches
  6 goblins
  11 hobgoblins
  11 kobolds
  3 quokkas
  3 frilled lizards (D:1)
  10 rats
82 creatures vanquished.

Notes
Turn   | Place    | Note
-------+----------+-------------------------------------------
     0 | D:1      | ReteAZ the Gargoyle Fighter began the quest for the Orb.
     0 | D:1      | Reached XP level 1. HP: 14/14 MP: 1/1
   151 | D:1      | Reached XP level 2. HP: 13/19 MP: 2/2
   565 | D:1      | Reached XP level 3. HP: 23/23 MP: 3/3
   839 | D:2      | Reached XP level 4. HP: 16/29 MP: 4/4
   914 | D:2      | Noticed Terence
   933 | D:2      | Killed Terence
  1014 | D:2      | Reached XP level 5. HP: 29/33 MP: 5/5
  1085 | D:2      | Found a sparkling altar of Nemelex Xobeh.
  1300 | D:3      | Found a shattered altar of Ashenzari.
  2188 | D:4      | Reached XP level 6. HP: 21/39 MP: 6/6
  2192 | D:4      | Killed from afar by an orc priest

Levels and vault maps discovered:
D:1:      minmay_arrival_nine_rooms, layout_loops_ring,
          chequers_serial_rivers_micro_e
D:2:      layout_rooms, nemelex_xobeh_ov_fountains_minmay, first_ration,
          uniq_terence
D:3:      minmay_chambers_of_threes, layout_basic, ashenzari_altar_1
D:4:      layout_rooms, regret_index_temple_of_mockery, serial_forest,
          infiniplex_forest_lined_4_way, infiniplex_forest_clump_small,
          infiniplex_forest_pool, infiniplex_forest_pool,
          infiniplex_forest_join, infiniplex_forest_clump_long,
          minmay_hollow_rounded_squares

Skill      XL: |  1  2  3  4  5 |
---------------+----------------+-----
Axes           | 2 3 |  3.6
Fighting       | 4 |  4.3
Armour         | 4 |  4.2
Shields        | 4 |  4.3

Action                   |  1- 3 |  4- 6 || total
-------------------------+-------+-------++-------
Melee: War axe           |   125 |   188 ||   313
  Use: Potion            |       |     1 ||     1
  Eat: Chunk             |       |     4 ||     4
Armor: Scale mail        |    54 |    10 ||    64
       Chain mail        |       |   119 ||   119
Dodge: Dodged            |    39 |    50 ||    89
Block: Shield            |    64 |   124 ||   188
